 Dungeon Crawl Stone Soup version 0.29-a0-322-g68df515428 (webtiles) character file.

Game seed: 7688166609652109334

9 YayAnonymity the Slasher (level 2, -1/24 HPs)
             Began as a Draconian Gladiator on Apr 6, 2022.
             Slain by a jackal (3 damage)
             ... on level 1 of the Dungeon.
             The game lasted 00:00:18 (72 turns).

YayAnonymity the Slasher (Draconian Gladiator)        Turns: 72, Time: 00:00:18

Health: -1/24      AC:  4    Str: 16    XL:     2   Next: 3%
Magic:  2/2        EV: 12    Int:  8    God:
Gold:   30         SH:  0    Dex: 12    Spells: 1/1 levels left

rFire   . . .      SeeInvis .   a - +0 long sword
rCold   . . .      Faith    .   (no shield)
rNeg    . . .      Spirit   .   (body armour unavailable)
rPois   .          Reflect  .   b - +0 hat
rElec   .          Harm     .   (no cloak)
rCorr   .          Rampage  .   (no gloves)
Will    .....                   (no boots)
Stlth   +.........              (no amulet)
HPRegen 0.08/turn               (no ring)
MPRegen 0.08/turn               (no ring)

@: no status effects
A: AC +4, unfitting armour, cold-blooded
a: no special abilities


You were on level 1 of the Dungeon.
You visited 1 branch of the dungeon, and saw 1 of its levels.

You collected 30 gold pieces.

Inventory:

Hand Weapons
 a - a +0 long sword (weapon)
Missiles
 c - 3 throwing nets (quivered)
 d - a javelin
Armour
 b - a +0 hat (worn)
Scrolls
 e - a scroll of fog {unknown}
Potions
 f - a potion of cancellation {unknown}


   Skills:
 - Level 2.1 Fighting
 * Level 3.4 Long Blades
 - Level 1.7 Throwing
 + Level 2.9 Dodging


You had one spell level left.
You didn't know any spells.
Your spell library was empty.

Dungeon Overview and Level Annotations

Branches:
Dungeon (1/15)

Altars:


Innate Abilities, Weirdness & Mutations

Your plain brown scales are hard. (AC +4)
You cannot fit into any form of body armour.
You are cold-blooded and may be slowed by cold attacks.


Message History

You closely miss the jackal. You tail-slap the jackal.
You kill the jackal!
The jackal closely misses you.
The jackal bites you but does no damage.
The goblin hits you but does no damage.
You completely miss the jackal. The jackal closely misses you.
The jackal barely misses you. The goblin barely misses you.
The jackal bites you but does no damage.
The jackal bites you.
You hit the jackal.
Your tail-slap misses the jackal.
Your punch misses the jackal.
The jackal is severely wounded.
The jackal misses you. The jackal closely misses you.
The goblin barely misses you. The jackal closely misses you.
The jackal completely misses you. The goblin barely misses you.
You barely miss the jackal. You tail-slap the jackal.
You kill the jackal!
The jackal bites you but does no damage.
The goblin misses you. The jackal barely misses you.
The goblin hits you with a +0 spear. The jackal bites you.
You see here a jackal corpse.
You closely miss the goblin.
The jackal bites you but does no damage.
The goblin closely misses you.
The jackal bites you but does no damage.
You closely miss the goblin.
Your tail-slap misses the goblin.
The jackal bites you but does no damage.
The goblin hits you with a +0 spear.
* * * LOW HITPOINT WARNING * * *
You hit the goblin. You tail-slap the goblin.
You kill the goblin!
The jackal closely misses you. The jackal bites you.
* * * LOW HITPOINT WARNING * * *
A rat comes into view.
You have reached level 2!
You miss the jackal. You punch the jackal.
The jackal is moderately wounded.
The jackal bites you.
You die...

.....†....####............
..........#####†......#
......................# #
..###.....#####...#.#....##
#. #.....# #...#.# ..... #
#.....# #...#.# .....
###########...#.#......
................>.
......†@h†........
##.....).####.....
#.......# $.... .........#
.... .........# ...
.....?!... ### .....!....
.#######r..


You could see a jackal and a rat.

Vanquished Creatures
  A bat (D:1)
  A goblin (D:1)
  3 jackals (D:1)
  2 ball pythons (D:1)
  A rat (D:1)
8 creatures vanquished.

Notes
Turn   | Place    | Note
-------+----------+-------------------------------------------
     0 | D:1      | YayAnonymity the Draconian Gladiator began the quest for
                  | the Orb.
     0 | D:1      | Reached XP level 1. HP: 17/17 MP: 1/1
    72 | D:1      | Reached XP level 2. HP: 2/24 MP: 2/2
    72 | D:1      | Slain by a jackal

Illustrated notes

Levels and vault maps discovered:
D:1:      evilmike_arrival_grusome_pit, layout_basic

Action                   || total
-------------------------++-------
Melee: Long sword        ||    22
       Tailslap          ||     5
       Punch             ||     1
Armor: Skin              ||    16
Dodge: Dodged            ||    42

Table legend: (Time is in decaauts)
 A = Elapsed time spent in this place.
 B = Non-inter-level travel time spent in this place.
 C = Inter-level travel time spent in this place.
 D = Time resting spent in this place.
 E = Time spent auto-exploring this place.
 F = Levels seen in this place.
 G = Mean time per level.
                   A        B        C        D        E       F      G
               +--------+--------+--------+--------+--------+-----+--------+
         Total |     77 |     77 |      0 |      0 |     31 |   1 |   77.0 |
       Dungeon |     77 |     77 |      0 |      0 |     31 |   1 |   77.0 |
               +--------+--------+--------+--------+--------+-----+--------+

Top non-repeatable levels by time:
     D:1: 77 daAuts
